 Dungeon Crawl Stone Soup version 0.22-a0-247-gbddf880 (webtiles) character file.

9937 JeffiDaFish the Geomancer (level 11, -10/59 HPs)
             Began as a Gargoyle Earth Elementalist on Feb 27, 2018.
             Was a Believer of Vehumet.
             Mangled by Snorg (22 damage)
             ... on level 11 of the Dungeon.
             The game lasted 00:41:15 (10943 turns).

JeffiDaFish the Geomancer (GrEE)                   Turns: 10943, Time: 00:41:17

Health: -10/59     AC: 14    Str: 11    XL:     11   Next: 54%
Magic:  2/24       EV: 14    Int: 20    God:    Vehumet [**....]
Gold:   535        SH:  5    Dex: 10    Spells: 20/29 levels left

rFire    . . .     SeeInvis .   q - staff of wizardry (curse)
rCold    . . .     Gourm    .   j - +0 buckler
rNeg     + . .     Faith    .   c - +1 robe
rPois    ∞         Spirit   .   f - +0 hat
rElec    +         Reflect  .   l - +0 cloak
rCorr    .         Harm     .   p - +0 pair of gloves
MR       .....                  (no boots)
Stlth    ++........             k - amulet of regeneration
HPRegen  0.59/turn              y - ring of flight
MPRegen  0.19/turn              (no ring)

@: no status effects
A: blink, negative energy resistance 1, shaggy fur 1, electricity resistance,
unbreathing, petrification resistance, rot immunity, AC +8
a: Blink, Renounce Religion, Evoke Flight


You were on level 11 of the Dungeon.
You worshipped Vehumet.
Vehumet was pleased with you.
You were hungry.

You visited 2 branches of the dungeon, and saw 12 of its levels.

You collected 535 gold pieces.

Inventory:

Hand Weapons
 o - a +1 mace
 x - a +2 whip of freezing
Missiles
 b - 35 stones (quivered)
Armour
 c - a +1 robe (worn)
 f - a +0 hat (worn)
 j - a +0 buckler (worn)
 l - a +0 cloak (worn)
 p - a +0 pair of gloves (worn)
 u - a +1 shield of reflection
 w - a +2 robe
Magical Staves
 q - a cursed staff of wizardry (weapon)
Jewellery
 k - an amulet of regeneration (around neck)
 y - a ring of flight (left hand)
Wands
 s - a wand of digging (26)
Scrolls
 e - a scroll of teleportation
 r - 2 scrolls of magic mapping
 v - a scroll of blinking
Potions
 a - a potion of magic
 g - a potion of haste
 h - 5 potions of flight
 i - a potion of agility
 m - a potion of heal wounds
 n - 5 potions of curing
 z - a potion of cancellation
 A - 2 potions of might
Miscellaneous
 B - a crystal ball of energy
Comestibles
 d - 23 rations


   Skills:
 * Level 2.8 Fighting
 - Level 5.2 Dodging
 - Level 2.5 Stealth
 + Level 6.6 Shields
 - Level 0.6 Unarmed Combat
 * Level 9.9 Spellcasting
 + Level 4.7 Conjurations
   Level 0.7 Transmutations
 + Level 12.3 Earth Magic


You had 20 spell levels left.
You knew the following spells:

 Your Spells              Type           Power        Failure   Level  Hunger
a - Sandblast             Erth           ######       1%          1    None
b - Lee's Rapid Deconstr  Erth           ######....   1%          5    #####..
c - Stone Arrow           Conj/Erth      #####.       1%          3    None


Dungeon Overview and Level Annotations

Branches:
Dungeon (11/15)            Temple (1/1) D:4             Orc (0/2) D:10
   Lair: D:8-11

Altars:
Ashenzari
Cheibriados
Dithmenos
Elyvilon
Fedhas
Gozag
Hepliaklqana
Kikubaaqudgha
Makhleb
Nemelex Xobeh
Okawaru
Qazlal
Ru
Sif Muna
Trog
Uskayaw
Vehumet
Wu Jian
Xom
Yredelemnul
Zin
The Shining One
Beogh

Shops:
D:4 }

Annotations:
D:11 Snorg


Innate Abilities, Weirdness & Mutations

You are resistant to torment.
Your stone body is resilient. (AC +8)
You are immune to poison.
You resist negative energy. (rN+)
You are resistant to electric shocks. (rElec)
You can survive without breathing.
You are immune to petrification.
You are immune to rotting.
You can translocate small distances at will.
You are covered in fur. (AC +1)


Message History

Confirm with . or Enter, or press ? or * to list all spells.
Aiming: Lee's Rapid Deconstruction (safe; 1% risk of failure)
Press: ? - help, Dir - move target cursor, p - Snorg The wall shatters!
The blast of rock fragments hits Snorg.
Snorg is severely wounded.
Snorg bites you!!
* * * LOW HITPOINT WARNING * * *
Snorg misses you. Snorg closely misses you.
Casting: Lee's Rapid Deconstruction (safe; 1% risk of failure)
Confirm with . or Enter, or press ? or * to list all spells.
Aiming: Sandblast (safe; 1% risk of failure)
Press: ? - help, Shift-Dir - straight line, f - Snorg
Aim: Snorg (severely wounded, berserk, fast, unusually strong)
The blast of sand hits Snorg.
Snorg is almost dead.
b - 35 stones You are feeling hungry.
You block Snorg's attack. Snorg claws you but does no damage.
You block Snorg's attack. Snorg bites you!!
You die...

########## .........#
############# .........#
#...........#
.........######.#########.#
.........##...'.....#.....#
.........##@#######.#.#.###
..........T.# #.<.#
....<....#.## #####
.........## .........#
###.###### #. #


You could see Snorg (berserk).

Vanquished Creatures
  3 two-headed ogres
  Sonja (D:10)
  Pikel (D:9)
  An unseen horror (D:10)
  An ugly thing (D:11)
  A troll (D:10)
  Grinder (D:3)
  6 yaks (D:9)
  A wraith (D:9)
  5 orc warriors
  A sky beast (D:8)
  4 ice beasts
  A slave (D:9)
  2 black bears (D:10)
  3 centaurs
  3 ogres
  3 phantoms
  A big kobold (D:10)
  6 bullfrogs
  A gnoll sergeant (D:9)
  A scorpion (D:5)
  17 killer bees (D:8)
  4 wights (D:9)
  A bullfrog zombie (D:9)
  5 crimson imps
  2 jellies
  5 orc priests
  4 bullfrog skeletons
  2 centaur skeletons
  4 hounds
  3 orc wizards
  A gnoll shaman (D:7)
  2 iguanas
  7 worker ants
  A hound zombie (D:6)
  A hound skeleton (D:9)
  16 gnolls
  7 adders
  An ooze (D:3)
  An adder zombie (D:5)
  5 worms
  2 dart slugs
  5 leopard geckos
  37 orcs
  5 giant cockroaches
  10 hobgoblins
  10 jackals
  9 kobolds
  9 quokkas
  3 ball pythons
  8 bats
  7 frilled lizards
  9 goblins
  A quokka skeleton (D:7)
  8 rats
259 creatures vanquished.

Vanquished Creatures (others)
  A crocodile (D:9)
  An orc wizard (D:9)
  An adder (D:9)
  An orc (D:9)
4 creatures vanquished.

Grand Total: 263 creatures vanquished

Notes
Turn   | Place    | Note
-------+----------+-------------------------------------------
     0 | D:1      | JeffiDaFish the Gargoyle Earth Elementalist began the quest for the Orb.
     0 | D:1      | Reached XP level 1. HP: 10/10 MP: 3/3
   361 | D:1      | Reached XP level 2. HP: 15/15 MP: 0/5
   394 | D:1      | Reached skill level 4 in Earth Magic
   704 | D:1      | Reached XP level 3. HP: 15/19 MP: 1/6
  1105 | D:2      | Gained mutation: You are covered in fur. (AC +1) [potion of mutation]
  1105 | D:2      | Gained mutation: You can translocate small distances at will. [potion of mutation]
  1188 | D:2      | Reached XP level 4. HP: 19/24 MP: 4/8
  1301 | D:2      | Found a bloodstained altar of Trog.
  1629 | D:3      | Found a shattered altar of Ashenzari.
  2083 | D:3      | Noticed Grinder
  2086 | D:3      | Paralysed by Grinder for 4 turns
  2093 | D:3      | Killed Grinder
  2093 | D:3      | Reached skill level 6 in Earth Magic
  2093 | D:3      | Reached XP level 5. HP: 11/28 MP: 2/11
  2093 | D:3      | Reached XP level 6. HP: 13/32 MP: 2/12
  2494 | D:4      | Found a shimmering altar of Xom.
  2625 | D:4      | Found a glowing silver altar of Zin.
  2625 | D:4      | Noticed an angel
  2643 | D:4      | Found Jaistrix's Gadget Emporium.
  2643 | D:4      | Noticed a phantom
  2650 | D:4      | Killed a phantom
  2650 | D:4      | Reached XP level 7. HP: 32/36 MP: 7/14
  2722 | D:4      | Reached skill level 7 in Earth Magic
  2723 | D:4      | Reached skill level 5 in Spellcasting
  2820 | D:4      | Learned a level 5 spell: Lee's Rapid Deconstruction
  2850 | D:4      | Found a staircase to the Ecumenical Temple.
  2854 | Temple   | Entered the Ecumenical Temple
  3512 | D:5      | Entered Level 5 of the Dungeon
  3533 | D:5      | Learned a level 3 spell: Stone Arrow
  3534 | D:5      | Reached skill level 8 in Earth Magic
  3539 | D:5      | Reached XP level 8. HP: 41/41 MP: 0/16
  4617 | D:6      | Reached skill level 9 in Earth Magic
  4769 | D:6      | You fall through a shaft!
  5583 | D:7      | Reached skill level 1 in Shields
  5693 | D:7      | Reached XP level 9. HP: 27/45 MP: 9/19
  5915 | D:8      | Found a radiant altar of Vehumet.
  5931 | D:8      | Became a worshipper of Vehumet
  6050 | D:8      | Found a hazy altar of Hepliaklqana.
  6091 | D:8      | Noticed a queen bee
  6093 | D:8      | Noticed a two-headed ogre
  6249 | D:8      | Found a basalt altar of Yredelemnul.
  6249 | D:8      | Found a shimmering altar of Xom.
  6296 | D:8      | Reached skill level 10 in Earth Magic
  6807 | D:8      | Found a sparkling altar of Nemelex Xobeh.
  6822 | D:8      | Killed a two-headed ogre
  6822 | D:8      | Reached skill level 5 in Shields
  6822 | D:8      | Reached XP level 10. HP: 50/50 MP: 1/21
  7061 | D:8      | Noticed a two-headed ogre
  7067 | D:8      | Killed a two-headed ogre
  7067 | D:8      | Reached skill level 1 in Conjurations
  7372 | D:6      | Reached skill level 11 in Earth Magic
  7952 | D:9      | Reached * piety under Vehumet
  7952 | D:9      | Offered knowledge of Shock by Vehumet.
  8526 | D:9      | Noticed Pikel
  8539 | D:9      | Killed Pikel
  8750 | D:9      | Found a deep blue altar of Sif Muna.
  8833 | D:9      | Found a snail-covered altar of Cheibriados.
  8963 | D:9      | Offered knowledge of Flame Tongue by Vehumet.
  8976 | D:9      | Reached ** piety under Vehumet
  8976 | D:9      | Reached XP level 11. HP: 5/54 MP: 0/24
  9198 | D:9      | Found a hazy altar of Hepliaklqana.
  9402 | D:10     | Entered Level 10 of the Dungeon
  9444 | D:10     | Noticed a two-headed ogre
  9461 | D:10     | Killed a two-headed ogre
  9461 | D:10     | Reached skill level 5 in Dodging
  9461 | D:10     | Reached skill level 12 in Earth Magic
  9474 | D:10     | Killed an unseen horror
  9709 | D:10     | Noticed Sonja
  9710 | D:10     | Killed Sonja
  9710 | D:10     | Reached skill level 1 in Fighting
 10454 | D:10     | Found a roughly hewn altar of Beogh.
 10454 | D:10     | Found a staircase to the Orcish Mines.
 10697 | D:10     | Offered knowledge of Throw Flame by Vehumet.
 10817 | D:11     | Noticed a cyan ugly thing
 10823 | D:11     | Killed a cyan ugly thing
 10929 | D:11     | Noticed Snorg
 10943 | D:11     | Mangled by Snorg

Vault maps used:
D:1:      co_arrival_random_square_maze, serial_glass, glass_columns_b,
          glass_columns_b
D:2:      lightli_temple_of_fire
D:3:      ashenzari_conservatory_becter, first_ration, uniq_grinder
D:4:      zin_angel, minmay_temple_entry_grid, serial_shops, shop,
          dk_vineyard_3, led_xom_imps
D:5:      chequers_ossuary_entry_cave
D:6:      corner_web_ring
D:7:      grunt_decor_mini_mirrors
D:8:      nicolae_overflow_crystal_walls, kennysheep_mini_moat,
          nemelex_xobeh_ov_fountains_minmay, gammafunk_temple_overflow_wave,
          david_nohive_1
D:9:      lemuel_doored_altar, lemuel_blue_sif_altar, basic_altar, uniq_pikel
D:10:     david_orc_5, uniq_sonja
D:11:     erik_lair_orcish_takeover, uniq_snorg
Temple:   minmay_temple_bridge_abc

Skill      XL: |  1  2  3  4  5  6  7  8  9 10 11 |
---------------+----------------------------------+-----
Earth Magic    | 4 6 8 9 10 11 12 | 12.3
Dodging        | 2 3 4 5 |  5.2
Spellcasting   | 4 5 7 9 |  9.9
Shields        | 2 6 |  6.6
Conjurations   | 3 4 |  4.7
Fighting       | 2 |  2.8
Stealth        | |  2.5
Unarmed Combat | |  0.6
Transmutations | |  0.7

Action                   |  1- 3 |  4- 6 |  7- 9 | 10-12 || total
-------------------------+-------+-------+-------+-------++-------
Melee: Unarmed           |    74 |       |       |       ||    74
       Dagger            |    17 |    69 |       |       ||    86
       Mace              |       |     4 |   151 |       ||   155
       Staff             |       |       |    13 |   145 ||   158
 Cast: Sandblast         |    35 |    67 |    70 |    73 ||   245
       Stone Arrow       |       |       |    50 |    74 ||   124
       Lee's Rapid Decon |       |       |    12 |    21 ||    33
  Use: Scroll            |     3 |     3 |     9 |     6 ||    21
       Potion            |     1 |     4 |     5 |     1 ||    11
 Stab: Sleeping          |       |     2 |     1 |     1 ||     4
  Eat: Chunk             |     1 |     5 |    22 |    17 ||    45
Armor: Robe              |    31 |    27 |   102 |    80 ||   240
Dodge: Dodged            |    67 |    68 |   163 |   154 ||   452
Block: Buckler           |       |       |     4 |    60 ||    64

Table legend:
 A = Spawn XP
 B = Non-spawn XP
 C = Spawn XP percentage of total XP
 D = Spawn monster count
 E = Non-spawn monster count
 F = Spawn count percentage of total count
 G = Total turns spent on level
                    A         B        C        D         E        F      G
               +---------+---------+-------+---------+---------+-------+---------
         Total |       0 |   14197 |   0.0 |       0 |     258 |   0.0 | 10943
               +---------+---------+-------+---------+---------+-------+---------
           D:1 |       0 |      46 |   0.0 |       0 |      26 |   0.0 |  1021
           D:2 |       0 |      63 |   0.0 |       0 |      24 |   0.0 |   541
           D:3 |       0 |     328 |   0.0 |       0 |      27 |   0.0 |   803
           D:4 |       0 |     738 |   0.0 |       0 |      21 |   0.0 |   929
           D:5 |       0 |     522 |   0.0 |       0 |      21 |   0.0 |  1096
           D:6 |       0 |     520 |   0.0 |       0 |      11 |   0.0 |   645
           D:7 |       0 |     459 |   0.0 |       0 |      18 |   0.0 |  1273
           D:8 |       0 |    3536 |   0.0 |       0 |      31 |   0.0 |  1413
           D:9 |       0 |    3291 |   0.0 |       0 |      36 |   0.0 |  1773
          D:10 |       0 |    4208 |   0.0 |       0 |      41 |   0.0 |  1105
          D:11 |       0 |     486 |   0.0 |       0 |       2 |   0.0 |   126
               +---------+---------+-------+---------+---------+-------+---------
